 Dungeon Crawl Stone Soup version 0.29.1-13-g9f3cf754e1 (webtiles) character file.

Game seed: 8499836701136930286

43 zlionsfan the Sneak (level 3, 0/28 HPs)
             Began as a Demonspawn Wanderer on Jan 23, 2023.
             Slain by an orc
             ... wielding a +0 short sword
              (3 damage)
             ... on level 3 of the Dungeon.
             The game lasted 00:03:42 (1009 turns).

zlionsfan the Sneak (Demonspawn Wanderer)           Turns: 1009, Time: 00:03:43

Health: 0/28       AC:  7    Str: 11 (14) XL:     3   Next: 37%
Magic:  0/3        EV: 11    Int: 10 (11) God:
Gold:   126        SH:  0    Dex: 13 (16) Spells: 2/2 levels left

rFire   + . .      SeeInvis .   a - +2 dagger
rCold   . . .      Faith    .   (no shield)
rNeg    . . .      Spirit   .   g - +0 leather armour
rPois   .          Reflect  .   (no helmet)
rElec   .          Harm     .   j - +0 cloak
rCorr   .          Rampage  .   k - +2 pair of gloves {infuse}
Will    .....                   (no boots)
Stlth   +++.......              (no amulet)
HPRegen 0.09/turn               l - ring of wizardry
MPRegen 0.08/turn               n - ring of protection from fire

@: no status effects
A: thin skeletal structure 1
a: no special abilities


You were on level 3 of the Dungeon.
You visited 1 branch of the dungeon, and saw 3 of its levels.

You collected 126 gold pieces.

Inventory:

Hand Weapons
 a - a +2 dagger (weapon)
 e - a +0 dagger
Missiles
 d - 2 poisoned darts (quivered)
Armour
 g - a +0 leather armour (worn)
 j - a +0 cloak (worn)
 k - a +2 pair of gloves of infusion (worn)
Jewellery
 l - a ring of wizardry (left hand)
 n - a ring of protection from fire (right hand)
Scrolls
 f - a scroll of fog
 h - a scroll of noise {unknown}
 i - 3 scrolls of identify {unknown}
Potions
 b - a potion of might


   Skills:
 * Level 2.4 Fighting
 * Level 1.1 Short Blades
 + Level 1.0 Maces & Flails
 + Level 2.9 Throwing
 + Level 0.5 Armour
 + Level 0.4 Dodging
 + Level 4.0 Stealth


You had 2 spell levels left.
You didn't know any spells.
Your spell library contained the following spells:

 Spells                   Type           Power      Damage    Failure   Level
 Fireball                 Conj/Fire      0%         3d3       99%         5
 Iskenderun's Battlesphe  Conj           0%         2d6       99%         5
 Conjure Ball Lightning   Conj/Air       0%         3x3d6     100%        6
 Orb of Destruction       Conj           0%         9d5       100%        7


Dungeon Overview and Level Annotations

Branches:
Dungeon (2/15)

Altars:


Innate Abilities, Weirdness & Mutations

You have a somewhat thin skeletal structure. (Dex +2, Stealth+)


Message History

You kill the orc!
It was a potion of degeneration.
There was something very wrong with that liquid.
You feel weakened.
You feel dopey.
You feel clumsy.
* * * LOW HITPOINT WARNING * * *
You feel sick.
It was a potion of curing.
You feel better. The orc hits you but does no damage.
You hit the orc but do no damage. The orc hits you with a +0 short sword.
You hit the orc.
The orc is lightly wounded.
The orc hits you but does no damage.
You hit the orc. You punch the orc, but do no damage.
The orc is heavily wounded.
The orc hits you with a +0 short sword.
You hit the orc.
The orc is heavily wounded.
The orc hits you but does no damage.
You hit the orc but do no damage.
The orc is heavily wounded.
The orc hits you but does no damage.
You barely miss the orc.
The orc is heavily wounded.
The orc closely misses you.
You hit the orc but do no damage.
The orc is heavily wounded.
The orc hits you with a +0 short sword.
* * * LOW HITPOINT WARNING * * *
You hit the orc.
The orc is almost dead.
The orc hits you with a +0 short sword.
* * * LOW HITPOINT WARNING * * *
You barely miss the orc.
The orc is almost dead.
The orc hits you with a +0 short sword.
* * * LOW HITPOINT WARNING * * *
You hit the orc but do no damage.
The orc is almost dead.
The orc hits you with a +0 short sword.
You die...

#..†.##..##
##...÷#..#
#.†.##..#
#####..##
#...##
###.#
#..#.#.#
#..#...#
#..#@###
#..#o#
#..#)#
#..#(#
#..#.#
#?...#
#.#.## ..
... #.
.#.##


You could see an orc.

Vanquished Creatures
  An orc wizard (D:3)
  2 orcs (D:3)
  2 ball pythons
  An endoplasm (D:1)
  A goblin (D:1)
  2 hobgoblins (D:1)
  3 kobolds (D:1)
  2 bats (D:1)
  3 frilled lizards
17 creatures vanquished.

Vanquished Creatures (others)
  2 withered plants (D:2)
2 creatures vanquished.

Grand Total: 19 creatures vanquished

Notes
Turn   | Place    | Note
-------+----------+-------------------------------------------
     0 | D:1      | zlionsfan the Demonspawn Wanderer began the quest for the
                  | Orb.
     0 | D:1      | zlionsfan set off with the following items: a +2 dagger, a
                  | potion of might, a +0 mace, 10 poisoned darts, a +0 dagger,
                  | a scroll of fog, a +0 leather armour.
     0 | D:1      | Reached XP level 1. HP: 16/16 MP: 1/1
   362 | D:1      | Gained mutation: You have a somewhat thin skeletal
                  | structure. (Dex +2, Stealth+) [demonic ancestry]
   362 | D:1      | Reached XP level 2. HP: 22/22 MP: 2/2
   910 | D:2      | You fall into a shaft and drop 1 floor!
   994 | D:3      | Reached skill level 1 in Short Blades
   994 | D:3      | Reached skill level 4 in Stealth
   994 | D:3      | Reached XP level 3. HP: 15/28 MP: 1/3
  1009 | D:3      | Slain by an orc

Illustrated notes

Levels and vault maps discovered:
D:1:      zelgadis_glass_arrival_small, layout_basic
D:2:      layout_loops_cross, basic_altar, serial_shops,
          nicolae_shop_temple_entry_statues_fountains,
          ebering_ecumenical_altar_petrified
D:3:      layout_basic, lightli_temple_of_fire, portal_sewer_entry_d,
          kennysheep_small_spiral, wander_ebering_terrifying_dragon_lair

Skill      XL: |  1  2 |
---------------+-------+-----
Short Blades   | 1 |  1.1
Stealth        | 4 |  4.0
Fighting       | |  2.4
Maces & Flails | |  1.0
Throwing       | |  2.9
Armour         | |  0.5
Dodging        | |  0.4

Action                   || total
-------------------------++-------
Melee: Dagger            ||    51
       Punch             ||     1
Throw: Dart              ||     8
  Use: Potion            ||     2
 Stab: Sleeping          ||     6
Armor: Leather armour    ||    16
Dodge: Dodged            ||    25
